 Dungeon Crawl Stone Soup version 0.26.1-11-gd32895ea62 (webtiles) character file.

Game seed: 780093541840999193

85 Kendiley23 the Digger (level 4, 0/25 HPs)
             Began as a Gargoyle Earth Elementalist on June 11, 2021.
             Was an Initiate of Dithmenos.
             Slain by a centaur (6 damage)
             ... on level 3 of the Dungeon.
             The game lasted 00:25:34 (2169 turns).

Kendiley23 the Digger (Gargoyle Earth Elementalist) Turns: 2169, Time: 00:25:34

Health: 0/25       AC:  9    Str: 13    XL:     4   Next: 48%
Magic:  8/8        EV: 12    Int: 15    God:    Dithmenos [......]
Gold:   98         SH:  0    Dex: 10    Spells: 5/8 levels left

rFire    . . .     SeeInvis .   e - +0 short sword
rCold    . . .     Faith    .   (no shield)
rNeg     + . .     Spirit   .   c - +0 robe
rPois    ∞         Reflect  .   (no helmet)
rElec    +         Harm     .   (no cloak)
rCorr    .         Rampage  .   (no gloves)
Will     .....                  (no boots)
Stlth    +.........             (no amulet)
HPRegen  0.08/turn              q - +4 ring of protection
MPRegen  0.11/turn              (no ring)

@: confused
A: negative energy resistance 1, electricity resistance, unbreathing,
petrification resistance, miasma immunity, AC +3
a: Renounce Religion


You were on level 3 of the Dungeon.
You worshipped Dithmenos.
Dithmenos was noncommittal.
You visited 1 branch of the dungeon, and saw 3 of its levels.

You collected 98 gold pieces.

Inventory:

Hand Weapons
 e - a +0 short sword (weapon)
 f - a +0 mace
Missiles
 b - 39 stones
 i - 25 poisoned darts (quivered)
Armour
 c - a +0 robe (worn)
 p - a +0 leather armour
Jewellery
 k - an uncursed amulet of reflection
 q - a +4 ring of protection (left hand)
 u - an uncursed ring of protection from cold {unknown}
Scrolls
 a - 3 scrolls of identify
 d - a scroll of fear {unknown}
 h - a scroll of immolation {unknown}
 l - a scroll of remove curse {unknown}
 m - a scroll of enchant weapon {unknown}
 n - 2 scrolls of blinking {unknown}
 s - a scroll of fog {unknown}
 t - 2 scrolls of noise
Potions
 g - a potion of magic {unknown}
 j - a potion of attraction {unknown}
 o - a potion of flight {unknown}
 v - a potion of heal wounds {unknown}


   Skills:
 + Level 1.0 Fighting
 + Level 0.9 Short Blades
 + Level 1.8 Dodging
 + Level 2.9 Stealth
 * Level 2.7 Spellcasting
 + Level 1.1 Transmutations
 + Level 4.2 Earth Magic


You had 5 spell levels left.
You knew the following spells:

 Your Spells              Type           Power        Failure   Level
a - Sandblast             Erth           28%          3%          1
b - Passwall              Tmut/Erth      8%           11%         2

Your spell library contained the following spells:

 Spells                   Type           Power        Failure   Level
 Stone Arrow              Conj/Erth      16%          26%         3
 Petrify                  Tmut/Erth      10%          56%         4
 Lee's Rapid Deconstruct  Erth           7%           69%         5


Dungeon Overview and Level Annotations

Branches:
Dungeon (3/15)

Altars:
Dithmenos
Trog
Xom


Innate Abilities, Weirdness & Mutations

You are resistant to torment.
Your stone body is resilient. (AC +3)
You are immune to poison.
You resist negative energy. (rN+)
You are resistant to electric shocks. (rElec)
You can survive without breathing.
You are immune to petrification.
You are immune to miasma.


Message History

The centaur is moderately wounded.
b - 39 stones The centaur unwields a +0 shortbow.
The centaur hits you.
You hit the centaur.
The centaur is moderately wounded.
The centaur closely misses you.
You hit the centaur.
The centaur is heavily wounded.
The centaur barely misses you.
You barely miss the centaur.
The centaur is heavily wounded.
The centaur hits you. The centaur hits you!
* * * LOW HITPOINT WARNING * * *
You hit the centaur.
The centaur is severely wounded.
The centaur closely misses you. The centaur misses you.
It was a potion of ambrosia.
You are confused.
You feel invigorated. The centaur hits you.
You die...

#.......###'## #.#
#..(....# #.# #.#
#.......# #.# #.#
######### #.# #.# #.#
#.####### #.# #.......#
#.# #######.# .# #.#
######.##### .#+####
#@# #..........#
.......
#.....c...##.####.##.##
....... +.........# #.#
# ...... #.........#
#.# ##......
#.....<...# #.#
...#+##+# #.........#
#.# #.......#
#.........# #.#
#.......# ###########
#.# #........ #.#


You could see a centaur.

Vanquished Creatures
  3 adders
  An ooze (D:2)
  2 worms (D:2)
  3 dart slugs
  A leopard gecko (D:1)
  2 giant cockroaches
  4 goblins
  6 hobgoblins
  6 bats
  A frilled lizard (D:1)
  3 kobolds (D:1)
  13 rats
45 creatures vanquished.

Notes
Turn   | Place    | Note
-------+----------+-------------------------------------------
     0 | D:1      | Kendiley23 the Gargoyle Earth Elementalist began the quest
                  | for the Orb.
     0 | D:1      | Reached XP level 1. HP: 10/10 MP: 3/3
   148 | D:1      | Reached XP level 2. HP: 15/15 MP: 1/5
   518 | D:1      | Reached skill level 4 in Earth Magic
   518 | D:1      | Reached XP level 3. HP: 19/19 MP: 6/6
   962 | D:2      | Learned a level 2 spell: Passwall
  1384 | D:2      | Found a shadowy altar of Dithmenos.
  1434 | D:2      | Reached skill level 1 in Transmutations
  1505 | D:2      | Reached XP level 4. HP: 14/24 MP: 8/8
  1550 | D:2      | Became a worshipper of Dithmenos the Shadowed
  1574 | D:2      | Found a bloodstained altar of Trog.
  1609 | D:2      | Found a shimmering altar of Xom.
  1927 | D:3      | Reached skill level 1 in Fighting
  2160 | D:3      | Noticed a centaur
  2167 | D:3      | HP: 1/25 [centaur (7)]
  2169 | D:3      | Slain by a centaur

Illustrated notes

Levels and vault maps discovered:
D:1:      dpeg_arrival_simpleton_b, layout_basic
D:2:      layout_rooms, nicolae_overflow_hidden_temple,
          overflow_temple_1_default, trog_three_pillars_becter
D:3:      layout_basic, minmay_misc_feat_enclosed

Skill      XL: |  1  2  3  4 |
---------------+-------------+-----
Earth Magic    | 4 |  4.2
Transmutations | 1 |  1.1
Fighting       | 1 |  1.0
Short Blades   | |  0.9
Dodging        | |  1.8
Stealth        | |  2.9
Spellcasting   | |  2.7

Action                   |  1- 3 |  4- 6 || total
-------------------------+-------+-------++-------
Melee: Short sword       |    55 |    25 ||    80
Throw: Dart              |    16 |     8 ||    24
 Cast: Sandblast         |    35 |     9 ||    44
       Passwall          |     2 |       ||     2
  Use: Scroll            |     3 |       ||     3
       Potion            |       |     1 ||     1
 Stab: Sleeping          |     1 |       ||     1
Armor: Robe              |    25 |    11 ||    36
Dodge: Dodged            |    45 |    20 ||    65
